[Event "Chile-ch Absolute 2018-19"]
[Site "Santiago"]
[Date "2019.02.27"]
[Round "10.4"]
[White "Vergara Jofre, Felipe"]
[Black "Cuevas Araya, Walter"]
[Result "1-0"]
[ECO "B12"]
[WhiteElo "2265"]
[BlackElo "2187"]
[Annotator "NA"]
[PlyCount "65"]
[EventDate "2019.02.20"]
[EventType "tourn"]
[EventCountry "CHI"]
[SourceTitle "playchess.com"]
[Source "ChessBase"]
[SourceQuality "1"]
[TimeControl "5400+30"]

1. e4 c6 2. d4 d5 3. e5 c5 4. dxc5 e6 5. Nf3 Bxc5 6. Bd3 Nc6 7. O-O Nb4 8. Be2 Qc7 9. a3 Nc6 10. b4 Bf8 11. Bb2 Nge7 12. Nbd2 Ng6 13. c4 Be7 14. Rc1 d4 15. Nxd4 Nxd4 16. Bxd4 O-O 17. f4 a5 18. c5 Rd8 19. Ne4 axb4 20. axb4 Bd7 21. Nd6 Bc6 22. Bc4 Bxd6 23. exd6 Qd7 24. Bb2 Kh8 25. Qd3 b5 26. Bb3 Qb7 27. f5 exf5 28. Rxf5 Rd7 29. Qc3 Rg8 30. Re1 Be4 31. Qd4 Nh4 32. Rh5 Bc2 33. Qxg7+ 1-0

[Event "Chile-ch Absolute 2018-19"]
[Site "Santiago"]
[Date "2019.02.27"]
[Round "10.5"]
[White "Garcia Cardenas, Pablo"]
[Black "Aguirre Contreras, Cristian"]
[Result "1-0"]
[ECO "D37"]
[WhiteElo "2449"]
[BlackElo "2252"]
[Annotator "NA"]
[PlyCount "65"]
[EventDate "2019.02.20"]
[EventType "tourn"]
[EventCountry "CHI"]
[SourceTitle "playchess.com"]
[Source "ChessBase"]
[SourceQuality "1"]
[TimeControl "5400+30"]

1. d4 Nf6 2. c4 e6 3. Nc3 d5 4. Nf3 Be7 5. Bf4 O-O 6. e3 a6 7. Rc1 Nbd7 8. c5 Nh5 9. Bd3 Nxf4 10. exf4 Re8 11. O-O g6 12. b4 b5 13. a4 c6 14. Qb3 Qc7 15. g3 f6 16. Rfe1 Kf7 17. axb5 axb5 18. Re3 Bf8 19. Rce1 Bb7 20. h4 Bg7 21. Bxb5 e5 22. Nxd5 cxd5 23. c6 Bxc6 24. Rc1 Nb8 25. Bxc6 Nxc6 26. Qxd5+ Re6 27. Rxe5 Rae8 28. b5 fxe5 29. Ng5+ Kf8 30. Nxe6+ Rxe6 31. Qxe6 Nxd4 32. Rxc7 Nxe6 33. b6 1-0

[Event "Chile-ch Absolute 2018-19"]
[Site "Santiago"]
[Date "2019.02.27"]
[Round "10.6"]
[White "Olivares Olivares, Claudio"]
[Black "Tapia Fuentes, Jaime"]
[Result "1-0"]
[ECO "B70"]
[WhiteElo "2387"]
[BlackElo "2259"]
[Annotator "NA"]
[PlyCount "85"]
[EventDate "2019.02.20"]
[EventType "tourn"]
[EventCountry "CHI"]
[SourceTitle "playchess.com"]
[Source "ChessBase"]
[SourceQuality "1"]
[TimeControl "5400+30"]

1. e4 c5 2. Nf3 d6 3. d4 cxd4 4. Nxd4 Nf6 5. Nc3 g6 6. Be2 Bg7 7. O-O O-O 8. Re1 Nc6 9. Nb3 Be6 10. Bf1 a6 11. Nd5 b5 12. c3 Re8 13. Bg5 Bxd5 14. exd5 Na5 15. Nxa5 Qxa5 16. Qd2 Rac8 17. Re3 Qc7 18. Rd1 Qb7 19. Be2 Rc5 20. Bf3 h6 21. Bh4 Rc4 22. Bg3 h5 23. Qe1 Kf8 24. h3 Qd7 25. Qe2 Ng8 26. Be4 Nf6 27. Bc2 Rc5 28. Bb3 a5 29. a3 a4 30. Ba2 Qb7 31. Red3 Ng8 32. f4 Nh6 33. Bf2 Rcc8 34. g4 hxg4 35. hxg4 Qd7 36. Rg3 f5 37. gxf5 Nxf5 38. Rxg6 Kf7 39. Rg5 Rh8 40. Qg4 Bf6 41. Bb1 e6 42. dxe6+ Qxe6 43. Bxf5 1-0

[Event "Chile-ch Absolute 2018-19"]
[Site "Santiago"]
[Date "2019.02.28"]
[Round "11.4"]
[White "Abarca Gonzalez, Nicolas"]
[Black "Vergara Jofre, Felipe"]
[Result "1-0"]
[ECO "A06"]
[WhiteElo "2418"]
[BlackElo "2265"]
[Annotator "NA RC"]
[PlyCount "131"]
[EventDate "2019.02.20"]
[EventType "tourn"]
[EventCountry "CHI"]
[SourceTitle "playchess.com"]
[Source "ChessBase"]
[SourceQuality "1"]
[TimeControl "5400+30"]

1. Nf3 d5 2. b3 Bg4 3. e3 Nd7 4. Bb2 Ngf6 5. c4 e6 6. Nc3 h6 7. Be2 c6 $11 8. d4 Bd6 9. O-O O-O 10. h3 Bf5 11. Bd3 Bxd3 12. Qxd3 Re8 13. Rad1 Qa5 14. Qd2 Qa6 15. c5 Bc7 16. Qc2 b6 17. cxb6 axb6 18. a4 Rac8 19. Rfe1 Bd6 20. Qe2 Qa5 21. Rc1 Bb4 22. Red1 b5 23. axb5 Bxc3 24. Bxc3 Qxb5 25. Qxb5 cxb5 26. Ba5 Ne4 27. Ne1 Rxc1 28. Rxc1 Ra8 29. Bb4 Ra2 30. Nd3 Nd2 31. Bxd2 Rxd2 32. Nc5 Nxc5 33. Rxc5 h5 34. h4 g6 35. Rxb5 Kg7 36. Rb8 Rb2 37. b4 f6 38. b5 e5 39. b6 exd4 40. exd4 Rb1+ 41. Kh2 Rb4 42. b7 Rb2 43. Kg3 Rb3+ 44. f3 Rb4 45. Kf2 Rb2+ 46. Ke3 Rb3+ 47. Kd2 Rb4 48. Kc3 Rb1 49. g4 hxg4 50. fxg4 g5 51. hxg5 fxg5 52. Rd8 Rxb7 53. Rxd5 Kf6 54. Rf5+ Kg6 55. Re5 Rc7+ 56. Kb4 Kf6 57. Rf5+ Kg6 58. d5 Rb7+ 59. Kc5 Rc7+ 60. Kd4 Rc1 61. d6 Rd1+ 62. Kc5 Rc1+ 63. Kb6 Rd1 64. Kc6 Rd2 65. d7 Rc2+ 66. Rc5 1-0